 Dungeon Crawl Stone Soup version 0.25.0-9-g26727b657a (webtiles) character file.

Game seed: 7096699749035229279

1540 mortelune the Summoner (level 8, -4/54 HPs)
             Began as a Barachi Summoner on June 22, 2020.
             Was a High Priest of Cheibriados.
             Slain by an orc warlord
             ... wielding a +1 vorpal long sword
              (28 damage)
             ... in a bailey.
             The game lasted 00:22:30 (11534 turns).

mortelune the Summoner (Barachi Summoner)          Turns: 11534, Time: 00:22:30

Health: -4/54      AC:  3    Str: 21    XL:     8   Next: 86%
Magic:  3/16       EV: 13    Int: 31    God:    Cheibriados [*****.]
Gold:   304        SH:  0    Dex: 24    Spells: 4/18 levels left

rFire    + + .     SeeInvis .   h - +1 flail (drain)
rCold    . . .     Gourm    .   (no shield)
rNeg     . . .     Faith    .   p - +0 leather armour {rF+}
rPois    .         Spirit   .   (no helmet)
rElec    .         Reflect  .   (no cloak)
rCorr    .         Harm     .   (no gloves)
MR       .....                  (no boots)
Stlth    ++........             (no amulet)
HPRegen  0.18/turn              F - ring of protection from fire
MPRegen  0.15/turn              (no ring)

@: mighty, can't hop, stab, very slightly contaminated, very slow
A: +LOS, swims, slowness 1, strong legs 1
a: Hop, Bend Time, Temporal Distortion, Slouch, Step From Time, Renounce
Religion


You were in a bailey.
You worshipped Cheibriados.
Cheibriados was extremely pleased with you.
You were not hungry.

You visited 1 branch of the dungeon, and saw 7 of its levels.
You also visited: Sewer and Bailey.

You collected 304 gold pieces.

Inventory:

Hand Weapons
 c - a +0 club
 d - a +0 dagger
 h - a +1 flail of draining (weapon)
Armour
 a - a +0 robe
 e - a +1 ring mail of fire resistance
 p - a +0 leather armour of fire resistance (worn)
Jewellery
 s - an uncursed amulet of magic regeneration
 F - a ring of protection from fire (left hand)
Wands
 j - a wand of flame (19)
 D - a wand of digging (7)
Scrolls
 i - 3 scrolls of identify
 m - a scroll of amnesia
 o - a scroll of magic mapping
 B - 2 scrolls of blinking
Potions
 b - a potion of might
 g - 2 potions of lignification
 l - 2 potions of heal wounds
 n - 6 potions of degeneration
 r - 2 potions of curing
Comestibles
 k - a ration


   Skills:
 * Level 1.2 Fighting
 - Level 2.8 Armour
 + Level 2.1 Dodging
 - Level 1.7 Stealth
 + Level 5.7 Spellcasting
 + Level 10.3 Summonings
 + Level 5.0 Ice Magic


You had 4 spell levels left.
You knew the following spells:

 Your Spells              Type           Power        Failure   Level  Hunger
a - Summon Small Mammal   Summ           ####         1%          1    None
b - Call Imp              Summ           ######..     1%          2    None
c - Call Canine Familiar  Summ           ######..     1%          3    None
d - Summon Ice Beast      Ice/Summ       ######..     2%          4    ###....
e - Summon Lightning Spi  Summ/Air       #####...     7%          4    ###....

Your spell library contained the following spells:

 Spells                   Type           Power        Failure   Level  Hunger
 Summon Guardian Golem    Hex/Summ       #####...     1%          3    None
 Animate Skeleton         Necr           N/A          6%          1    None
 Apportation              Tloc           #.....       6%          1    None
 Corona                   Hex            #......      6%          1    None


Dungeon Overview and Level Annotations

Branches:
Dungeon (6/15)              Sewer (visited)          Bailey (1/1)
 Temple: D:4-7

Altars:
Cheibriados
Elyvilon
Kikubaaqudgha
Okawaru
Sif Muna
Trog
Vehumet
Zin
The Shining One

Shops:
D:5 (

Annotations:
D:2 Sigmund
D:6 Maggie


Innate Abilities, Weirdness & Mutations

You can be seen from farther away. (+LOS)
You can swim through water.
You cover ground slowly.
You can hop short distances.


Message History

e - a +1 ring mail of fire resistance The orc warlord hits your ice beast with a +1 vorpal long sword!
Your ice beast hits the orc warlord.
Your ice beast freezes the orc warlord!
The orc warlord barely misses your ice beast.
Your ice beast barely misses the orc warlord.
Evoke which item? (* to show all) (? for menu, Esc to quit)
Okay, then.
It was a potion of stabbing.
You feel ready to backstab.
The orc warlord hits your ice beast with a +1 vorpal long sword!
Your ice beast hits the orc warlord but does no damage.
As you read the scroll of fog, it crumbles to dust.
The scroll dissolves into smoke.
The orc warlord hits your ice beast with a +1 vorpal long sword!!
Your ice beast dies!
The orc warlord completely misses you.
The orc warlord hits you with a +1 vorpal long sword.
The orc warlord hits you with a +1 vorpal long sword!!
Ouch! That really hurt!
You die...

#......)....#.).)..)....#
#..)).......)).)))).....#
#....)⌠.....#...).⌠..)..#
#...........#......).)..#
#.).........#........)..#
###)........###.....).).###
#.#'#.....###.###.....#'#.###
....###.###...§§###.###)....###♣♣
......###......§@§###.........##.
......8##.....§§§o§#...).)))...#.
......8#.......§§§§#...).......')
.⌠.....'........§§§#..)))⌠.....'.
......8#...........#...........'.
......8##..........#..)).).....#.
......###.........###..))))...##.
....###.###.....###.###))...###♣♣
#.#'#.....###.###.....#)#.### ♣


You could see an orc warlord.

Vanquished Creatures
  3 orc warriors (Bailey)
  A sky beast (D:5)
  A bullfrog (Sewer)
  A hound (D:4)
  An orc priest (D:6)
  2 iguanas (D:4)
  A gnoll (Bailey)
  6 adders
  6 oozes
  An adder skeleton (D:6)
  2 worms (D:3)
  A dart slug (D:2)
  2 leopard geckos (Sewer)
  14 orcs
  8 giant cockroaches
  8 goblins
  8 hobgoblins
  2 kobolds (D:3)
  A quokka (D:4)
  5 ball pythons
  7 bats
  8 frilled lizards
  7 rats
96 creatures vanquished.

Vanquished Creatures (collateral kills)
  11 orc warriors (Bailey)
  A phantom (D:5)
  A centaur (D:5)
  2 bullfrogs
  A bullfrog zombie (D:5)
  A jelly (D:8)
  A centaur skeleton (D:6)
  A worker ant (D:5)
  10 gnolls
  A howler monkey zombie (D:5)
  2 adders
  6 oozes (Sewer)
  2 adder skeletons
  2 dart slugs
  9 leopard geckos
  17 orcs
  6 ball pythons (Sewer)
  5 bats
  4 giant cockroaches
  19 goblins
  15 hobgoblins
  8 jackals
  6 frilled lizards
  5 kobolds
  2 rats
138 creatures vanquished.

Vanquished Creatures (others)
  A jackal (D:3)
  15 fungi (D:8)
  A plant (D:8)
17 creatures vanquished.

Grand Total: 251 creatures vanquished

Notes
Turn   | Place    | Note
-------+----------+-------------------------------------------
     0 | D:1      | mortelune the Barachi Summoner began the quest for the Orb.
     0 | D:1      | Reached XP level 1. HP: 13/13 MP: 3/3
   160 | D:1      | Reached skill level 5 in Summonings
  1361 | D:1      | Reached XP level 2. HP: 19/19 MP: 5/5
  1398 | D:1      | Learned a level 2 spell: Call Imp
  2325 | D:2      | Reached XP level 3. HP: 21/24 MP: 4/7
  2690 | D:2      | Learned a level 3 spell: Call Canine Familiar
  3472 | D:2      | Found a glowing golden altar of the Shining One.
  3491 | D:2      | Reached skill level 6 in Summonings
  3921 | D:2      | Noticed Sigmund
  3943 | D:3      | Reached XP level 4. HP: 10/30 MP: 0/8
  5382 | D:3      | Found a faded altar of an unknown god.
  5382 | D:3      | Found a white marble altar of Elyvilon.
  5388 | D:3      | Found an ancient bone altar of Kikubaaqudgha.
  5390 | D:3      | Found a faded altar of an unknown god.
  5392 | D:3      | Found a shimmering blue altar of Sif Muna.
  5457 | D:4      | Found a radiant altar of Vehumet.
  5707 | D:4      | Reached XP level 5. HP: 23/35 MP: 8/10
  5713 | D:4      | Learned a level 4 spell: Summon Ice Beast
  5759 | D:4      | Found an iron altar of Okawaru.
  5964 | D:4      | Found a bloodstained altar of Trog.
  5964 | D:4      | Found a snail-covered altar of Cheibriados.
  6017 | D:4      | Reached skill level 7 in Summonings
  6694 | D:4      | Became a worshipper of Cheibriados the Contemplative
  6754 | D:5      | Entered Level 5 of the Dungeon
  6821 | D:5      | Reached skill level 1 in Fighting
  6893 | D:5      | Found a glowing drain.
  6893 | D:5      | Found Zucudugi's Weapon Emporium.
  6930 | Sewer    | Entered a sewer
  7350 | Sewer    | Reached * piety under Cheibriados
  7590 | Sewer    | Reached XP level 6. HP: 42/43 MP: 8/11
  7717 | Sewer    | Reached ** piety under Cheibriados
  7747 | Sewer    | Reached skill level 1 in Ice Magic
  7788 | Sewer    | Reached skill level 1 in Armour
  8012 | D:5      | Noticed a sky beast
  8020 | D:5      | Killed a sky beast
  8083 | D:5      | Found a glowing silver altar of Zin.
  8410 | D:5      | Reached XP level 7. HP: 48/48 MP: 13/13
  8465 | D:5      | Reached skill level 8 in Summonings
  8679 | D:5      | Reached *** piety under Cheibriados
  9386 | D:6      | Noticed Maggie
  9701 | D:6      | You fall into a shaft and drop 2 floors!
  9743 | D:8      | Found a flagged portal.
  9989 | Bailey   | Entered a bailey
  9997 | Bailey   | Learned a level 4 spell: Summon Lightning Spire
 10026 | Bailey   | HP: 2/48 [hobgoblin/+0 war axe (3)]
 10352 | Bailey   | Reached **** piety under Cheibriados
 10380 | Bailey   | Reached XP level 8. HP: 51/54 MP: 12/15
 10633 | Bailey   | Reached skill level 9 in Summonings
 10870 | Bailey   | Reached skill level 5 in Spellcasting
 10871 | Bailey   | Identified the ring "Afuoduse" {rN+ MR+ Str+6 SInv}
 10990 | Bailey   | Reached ***** piety under Cheibriados
 11098 | Bailey   | Reached skill level 10 in Summonings
 11421 | Bailey   | Reached skill level 5 in Ice Magic
 11501 | Bailey   | Noticed an orc warlord
 11534 | Bailey   | Slain by an orc warlord

Illustrated notes

Levels and vault maps discovered:
D:1:      nzn_arrival_crosshair, layout_loops_ring
D:2:      layout_loops_ring, grunt_ministairs_3, nicolae_tso_carved_into_rock,
          uniq_sigmund
D:3:      layout_loops_ring, chequers_temple_overflow_minitemple,
          minmay_misc_feat_x
D:4:      layout_layer_cave, okawaru_ov_weapons_minmay,
          nicolae_overflow_crystal_walls, gammafunk_temple_overflow_wave,
          chequers_serial_rivers_micro_d
D:5:      layout_gridville, lemuel_crystal_altar, portal_sewer_entry_d,
          first_ration, serial_shops, shop, kennysheep_windowed_goal
D:6:      layout_basic, temple_fountains, uniq_maggie
D:8:      layout_loops_ring, grunt_lair_entry_orc_guard_hut, enter_bailey_7,
          hangedman_little_slice_of_home
Bailey:   bailey_axe_minmay_hex_keep, bailey

Skill      XL: |  1  2  3  4  5  6  7  8 |
---------------+-------------------------+-----
Summonings     | 5 6 7 8 10 | 10.3
Spellcasting   | 3 4 5 |  5.7
Fighting       | 1 |  1.2
Ice Magic      | 1 3 5 |  5.0
Armour         | 2 |  2.8
Dodging        | |  2.1
Stealth        | |  1.7

Action                   |  1- 3 |  4- 6 |  7- 9 || total
-------------------------+-------+-------+-------++-------
Melee: Unarmed           |    64 |       |       ||    64
       Dagger            |   132 |       |       ||   132
       Flail             |       |   219 |    88 ||   307
 Cast: Summon Small Mamm |    16 |     1 |       ||    17
       Call Imp          |     9 |     3 |     3 ||    15
       Call Canine Famil |     3 |    16 |    12 ||    31
       Summon Ice Beast  |       |       |    25 ||    25
       Summon Lightning  |       |       |    11 ||    11
 Abil: Hop               |       |     1 |     4 ||     5
Evoke: Wand              |       |       |     2 ||     2
  Use: Potion            |     1 |       |     4 ||     5
       Scroll            |       |     8 |     7 ||    15
 Stab: Distracted        |     2 |     1 |     1 ||     4
       Sleeping          |     1 |       |       ||     1
  Eat: Chunk             |     8 |    11 |     6 ||    25
       Ration            |     1 |     1 |     1 ||     3
Armor: Robe              |    83 |    16 |       ||    99
       Ring mail         |       |   129 |    22 ||   151
       Skin              |       |       |    12 ||    12
       Leather armour    |       |       |     3 ||     3
Dodge: Dodged            |   226 |   195 |    98 ||   519
